 Dungeon Crawl Stone Soup version 0.31-a0-208-gdb31a4691d (webtiles) character file.

Game seed: 5833904343525389452

2846 mistaj the Trooper (level 9, -7/50 HPs)
             Began as a Vine Stalker Fighter on June 28, 2023.
             Was a Priest of Okawaru.
             Mangled by an orc warrior
             ... wielding a +0 battleaxe
              (10 damage)
             ... on level 6 of the Dungeon.
             The game lasted 00:12:49 (6846 turns).

mistaj the Trooper (Vine Stalker Fighter)           Turns: 6846, Time: 00:12:50

Health: -7/50      AC:  8    Str: 22    XL:     9   Next: 74%
Magic:  0/10       EV:  8    Int: 10    God:    Okawaru [***...]
Gold:   295        SH: 10    Dex: 13    Spells: 8/8 levels left

rFire   . . .        e - +1 whip (vamp)
rCold   + . .        y - +0 kite shield
rNeg    . . .        i - +1 scale mail {rC+}
rPois   .            (no helmet)
rElec   .            l - +0 cloak
rCorr   +            (no gloves)
SInv    .            (no boots)
Will    +....        (no amulet) Stlth
                     r - ring of resist corrosion
HPRegen 1.08/turn    (no ring)
MPRegen 0.12/turn

%: guardian spirit
@: no status effects
A: fangs 3, regeneration 1, magic shield, antimagic bite, no potion heal 2
a: Renounce Religion, Heroism


You were on level 6 of the Dungeon.
You worshipped Okawaru.
Okawaru was most pleased with you.
You visited 2 branches of the dungeon, and saw 8 of its levels.

You collected 295 gold pieces.

Inventory:

Hand Weapons
 a - the +3 mace of Nilui {flame, rC+}
   (You found it on level 5 of the Dungeon)

   rC:        It protects you from cold.
 c - the +5 mace of Vaum {venom, Int+3}
   (You found it on level 6 of the Dungeon)

   Int:       It affects your intelligence (+3).
 e - a +1 vampiric whip (weapon)
 u - a +2 dagger of speed
Armour
 i - a +1 scale mail of cold resistance (worn)
 l - a +0 cloak (worn)
 y - a +0 kite shield (worn)
Jewellery
 r - a ring of resist corrosion (left hand)
Wands
 q - a wand of flame (21)
 A - a wand of digging (5)
Scrolls
 g - a scroll of enchant armour {unknown}
 h - 3 scrolls of immolation {unknown}
 j - a scroll of blinking {unknown}
 k - 2 scrolls of noise {unknown}
 m - a scroll of revelation {unknown}
 o - a scroll of teleportation {unknown}
 p - a scroll of poison {unknown}
 v - a scroll of enchant weapon {unknown}
 w - a scroll of amnesia {unknown}
 z - 2 scrolls of fog {unknown}
Potions
 b - a potion of mutation {unknown}
 d - 2 potions of might
 f - a potion of curing
 n - a potion of brilliance
 s - a potion of haste {unknown}
 t - 3 potions of ambrosia
 x - a potion of magic {unknown}


   Skills:
 + Level 7.4 Fighting
 - Level 6.6 Short Blades
 * Level 2.9 Maces & Flails
 - Level 2.4 Armour
 + Level 7.3 Shields


You had 8 spell levels left.
You didn't know any spells.
Your spell library contained the following spells:

 Spells                   Type           Power      Damage    Failure   Level
 Foxfire                  Conj/Fire      0%         2x1d4     90%         1
 Kiss of Death            Conj/Necr      0%         2d5       90%         1
 Sublimation of Blood     Necr           0%         N/A       97%         2
 Confusing Touch          Hex            0%         N/A       99%         3
 Dispel Undead            Necr           0%         3d6       100%        4
 Petrify                  Tmut/Erth      0%         N/A       100%        4
 Blade Hands              Tmut           0%         N/A       100%        5
 Fireball                 Conj/Fire      0%         3d3       100%        5
 Irradiate                Conj/Tmut      0%         3d11      100%        5
 Plasma Beam              Fire/Air       0%         2x1d10    100%        6
 Starburst                Conj/Fire      0%         6d3       100%        6
 Dragon Form              Tmut           0%         N/A       100%        7


Dungeon Overview and Level Annotations

Branches:
Dungeon (7/15)             Temple (1/1) D:4

Altars:
Ashenzari
Cheibriados
Dithmenos
Elyvilon
Gozag
Hepliaklqana
Okawaru
Qazlal
Ru
Uskayaw
Yredelemnul
Zin

Annotations:
D:2 Terence


Innate Abilities, Weirdness & Mutations

You have razor-sharp teeth.
Your natural rate of healing is unusually fast.
When hurt, damage is shared between your health and your magic reserves.
Your bite disrupts and absorbs the magic of your enemies.
Potions cannot restore your health.


Message History

You bite the orc warrior, but do no damage.
The orc warrior is moderately wounded.
The orc warrior barely misses you.
You closely miss the orc warrior. Your bite misses the orc warrior.
The orc warrior is moderately wounded.
You block the orc warrior's attack.
You hit the orc warrior but do no damage.
The orc warrior is moderately wounded.
You block the orc warrior's attack.
You closely miss the orc warrior.
You bite the orc warrior, but do no damage.
The orc warrior is moderately wounded.
You block the orc warrior's attack.
You closely miss the orc warrior.
You bite the orc warrior, but do no damage.
The orc warrior is moderately wounded.
You block the orc warrior's attack.
You closely miss the orc warrior.
The orc warrior is moderately wounded.
The orc warrior hits you with a +0 battleaxe.
You barely miss the orc warrior. Your bite misses the orc warrior.
The orc warrior is moderately wounded.
You block the orc warrior's attack.
The orc warrior hits you with a +0 battleaxe!
You hit the orc warrior but do no damage.
The orc warrior is moderately wounded.
You block the orc warrior's attack.
You barely miss the orc warrior. Your bite misses the orc warrior.
The orc warrior is moderately wounded.
The orc warrior hits you with a +0 battleaxe!
* * * LOW HITPOINT WARNING * * *
The orc warrior attacks as you move away!
The orc warrior hits you with a +0 battleaxe!
* * * LOW HITPOINT WARNING * * *
The orc warrior attacks as you move away!
The orc warrior hits you with a +0 battleaxe.
* * * LOW HITPOINT WARNING * * *
The orc warrior attacks as you move away!
The orc warrior hits you with a +0 battleaxe!
You die...

# #.####...#...# # #............#
# ######.###)[.# # #.# ##>## #
#.# #.# # #.# #.############### #
##### #.# #................
######...###.####o<##############
................@..# ##### #####
####........#.####.# #...###....
#.......###.....# #.#........
#........#.###### #..)###....
###...###.## ##.## #.###
#...###.# #.# #.# ###.....# #.#
#.# ####.## #.# #.# #.# #.# #.#


You could see an orc warrior.

Vanquished Creatures
  Pikel (D:6)
  A troll (D:5)
  A steam dragon (D:7)
  Menkaure (D:4)
  An acid dragon (D:6)
  A water moccasin (D:5)
  A black bear (D:4)
  An ice beast (D:6)
  A sky beast (D:7)
  3 ogres
  A gnoll sergeant (D:6)
  2 bullfrogs (D:6)
  2 scorpions
  A jelly (D:5)
  A quasit (D:4)
  3 hounds
  4 orc priests
  A sleepcap (D:5)
  3 iguanas
  7 orc wizards
  4 gnolls (D:6)
  8 adders
  7 white imps
  6 ufetubi
  3 worms
  3 dart slugs
  19 orcs
  6 bats
  11 endoplasms
  6 giant cockroaches
  8 goblins
  7 hobgoblins
  6 jackals (D:3)
  7 quokkas
  5 ball pythons
  4 frilled lizards
  9 kobolds
  5 rats
161 creatures vanquished.

Notes
Turn   | Place    | Note
-------+----------+-------------------------------------------
     0 | D:1      | mistaj the Vine Stalker Fighter began the quest for the
                  | Orb.
     0 | D:1      | Reached XP level 1. HP: 11/11 MP: 2/2
   128 | D:1      | Reached XP level 2. HP: 13/16 MP: 1/3
   584 | D:1      | Reached XP level 3. HP: 20/20 MP: 4/4
  1258 | D:2      | Gained mutation: Your natural rate of healing is unusually
                  | fast. [Vine Stalker growth]
  1258 | D:2      | Reached XP level 4. HP: 24/24 MP: 5/5
  1284 | D:2      | Noticed Terence
  1706 | D:2      | Found a faded altar of an unknown god.
  2496 | D:3      | Upgraded the game from 0.31-a0-204-g7da18cac08 to
                  | 0.31-a0-208-gdb31a4691d
  2543 | D:3      | Reached XP level 5. HP: 25/29 MP: 3/6
  2591 | D:4      | Noticed an ogre
  2803 | D:4      | Found a staircase to the Ecumenical Temple.
  2845 | D:4      | Noticed an ogre
  2999 | D:4      | Noticed Menkaure
  3013 | D:4      | Killed Menkaure
  3014 | D:4      | Reached XP level 6. HP: 21/34 MP: 4/7
  3250 | D:4      | Reached XP level 7. HP: 33/38 MP: 8/8
  3382 | Temple   | Entered the Ecumenical Temple
  3400 | Temple   | Became a worshipper of Warmaster Okawaru
  3573 | D:4      | Found an opulent altar of Gozag.
  3817 | D:5      | Entered Level 5 of the Dungeon
  3851 | D:5      | Reached skill level 5 in Fighting
  3933 | D:5      | Reached skill level 5 in Shields
  4022 | D:5      | Noticed a troll
  4191 | D:5      | Identified the +3 mace of Nilui {flame, rC+}
  4232 | D:5      | Reached * piety under Okawaru
  4233 | D:5      | Gained mutation: You have razor-sharp teeth. [Vine Stalker
                  | growth]
  4233 | D:5      | Reached XP level 8. HP: 39/43 MP: 9/9
  4474 | D:5      | Killed a troll
  4475 | D:5      | Reached skill level 5 in Short Blades
  5246 | D:6      | Reached ** piety under Okawaru
  5301 | D:6      | Identified the +5 mace of Vaum {venom, Int+3}
  5885 | D:6      | Reached XP level 9. HP: 28/49 MP: 7/10
  6574 | D:7      | Noticed Pikel
  6611 | D:6      | Killed Pikel
  6611 | D:6      | Reached *** piety under Okawaru
  6845 | D:6      | HP: 2/50 [orc warrior/+0 battleaxe (2)]
  6846 | D:6      | Mangled by an orc warrior

Illustrated notes

Levels and vault maps discovered:
D:1:      lightli_arrival_chessboard, layout_loops_corners,
          corexii_hall_statues_x, minmay_misc_feat_pillars, hex_tiny
D:2:      layout_loops_ring, shapermc_ecumenical_altar_mp_vishouse,
          minmay_misc_feat_x, kennysheep_big_empty_room, uniq_terence
D:3:      layout_basic, nicolae_concentric_dashed_squares_mild
D:4:      layout_loops_ring, marbit_many_paths, minmay_temple_entry_tees,
          serial_demonic, serial_demonic_d, serial_demonic_a, serial_demonic_g,
          serial_demonic_b, serial_demonic_c, serial_demonic_g,
          kennysheep_another_room, uniq_menkaure
D:5:      layout_basic
D:6:      layout_loops_ring
D:7:      layout_rooms, minmay_misc_feat_diagonals, uniq_pikel
Temple:   hellmonk_temple_of_storms

Skill      XL: |  1  2  3  4  5  6  7  8  9 |
---------------+----------------------------+-----
Short Blades   | 2 3 4 6 |  6.6
Shields        | 3 4 5 6 7 |  7.3
Fighting       | 3 4 5 6 7 |  7.4
Maces & Flails | 2 |  2.9
Armour         | |  2.4

Action                     |  1- 3 |  4- 6 |  7- 9 || total
---------------------------+-------+-------+-------++-------
  Melee: Rapier            |   109 |   187 |   103 ||   399
         Bite              |    25 |    54 |   158 ||   237
         Dagger            |       |       |   300 ||   300
         Whip              |       |       |    66 ||    66
    Use: Scroll            |       |       |     4 ||     4
 Armour: Scale mail        |    46 |    83 |   136 ||   265
         Chain mail        |    16 |       |       ||    16
  Dodge: Dodged            |    49 |    68 |   128 ||   245
  Block: Buckler           |    21 |    43 |    41 ||   105
         Kite shield       |       |       |    87 ||    87

Table legend: (Time is in decaauts)
 A = Elapsed time spent in this place.
 B = Non-inter-level travel time spent in this place.
 C = Inter-level travel time spent in this place.
 D = Time resting spent in this place.
 E = Time spent auto-exploring this place.
 F = Levels seen in this place.
 G = Mean time per level.
                   A        B        C        D        E       F      G
               +--------+--------+--------+--------+--------+-----+--------+
         Total |   6754 |   6406 |    348 |    948 |   3643 |   8 |  844.2 |
       Dungeon |   6729 |   6387 |    342 |    948 |   3643 |   7 |  961.3 |
        Temple |     25 |     19 |      6 |      0 |      0 |   1 |   25.0 |
               +--------+--------+--------+--------+--------+-----+--------+

Top non-repeatable levels by time:
     D:6: 1291 daAuts
     D:5: 1230 daAuts
     D:4: 1117 daAuts
     D:1: 1049 daAuts
     D:3: 941 daAuts
     D:2: 753 daAuts
     D:7: 346 daAuts
  Temple: 25 daAuts
